 Dungeon Crawl Stone Soup version 0.18.1-8-gdd0e5ea (webtiles) character file.

15139 sleepydude the Cleaver (level 11, -3/100 (101) HPs)
             Began as a Minotaur Fighter on May 31, 2016.
             Was a High Priest of the Shining One.
             Slain by a 14-headed hydra (9 damage)
             ... on level 3 of the Lair of Beasts.
             The game lasted 00:58:46 (13499 turns).

sleepydude the Cleaver (Minotaur Fighter)          Turns: 13499, Time: 00:58:47

HP:   -3/100 (101)  AC: 12    Str: 20    XL:     11   Next: 97%
MP:   10/10         EV: 13    Int: 10    God:    the Shining One [*****.]
Gold: 942           SH:  0    Dex: 10    Spells: 0 memorised, 10 levels left

rFire  . . .     SeeInvis .     G - +3 battleaxe (freeze)
rCold  . . .     Gourm    .     b - +1 scale mail
rNeg   + + +     Faith    +     (shield currently unavailable)
rPois  .         Spirit   .     Y - +0 hat {Int+3}
rElec  .         Dismiss  .     (no cloak)
rCorr  .         Reflect  .     (no gloves)
SustAt .         Harm     .     (no boots)
MR     .....                    e - amulet of faith
Stlth  ..........               O - ring of positive energy
                                E - ring of flight

@: glowing, not resistant to hostile enchantments, extremely unstealthy
A: retaliatory headbutt, horns 2, yellow scales 1, clever 1, clumsy 2, sense
surroundings 1, subdued magic 1
a: Divine Shield, Cleansing Flame, Summon Divine Warrior, Renounce Religion,
Evoke Flight


You were on level 3 of the Lair of Beasts.
You worshipped the Shining One.
The Shining One was extremely pleased with you.
You were not hungry.

You visited 3 branches of the dungeon, and saw 15 of its levels.

You collected 942 gold pieces.

Inventory:

Hand Weapons
 G - a +3 battleaxe of freezing (weapon)
Armour
 b - a +1 scale mail (worn)
 c - a +0 shield
 k - a +0 pair of gloves
 C - a +0 pair of boots
 Y - a +0 hat of intelligence (worn)
Jewellery
 e - an amulet of faith (around neck)
 w - an uncursed ring of magical power {unknown}
 E - a ring of flight (left hand)
 O - a ring of positive energy (right hand)
 Q - an uncursed ring of protection from fire {unknown}
 Z - an uncursed ring of fire
Wands
 l - a wand of confusion (18/48)
 x - a wand of slowing (47/48)
 M - a wand of iceblast (9/15)
Scrolls
 a - 2 scrolls of fear {unknown}
 h - 5 scrolls of remove curse
 i - 2 scrolls of teleportation
 j - 2 scrolls of identify
 m - a scroll of summoning
 n - a scroll of enchant weapon {unknown}
 t - 2 scrolls of noise
 v - a scroll of immolation
 z - 2 scrolls of magic mapping {unknown}
 A - 2 scrolls of recharging
 L - a scroll of blinking
 N - 3 scrolls of enchant armour
 R - a scroll of silence {unknown}
 S - 2 scrolls of fog {unknown}
 U - a scroll of brand weapon {unknown}
Potions
 d - 2 potions of might
 o - a potion of agility
 q - a potion of resistance
 r - 2 potions of brilliance
 s - 2 potions of berserk rage {unknown}
 u - a potion of heal wounds
 F - 2 potions of curing
 I - a potion of invisibility {unknown}
 K - a potion of beneficial mutation {unknown}
 T - 2 potions of cancellation {unknown}
 W - a potion of flight
 X - a potion of haste {unknown}
Books
 B - a book of Burglary

   Spells                             Type                      Level
   a - Swiftness                      Charms/Air                   2
   b - Passwall                       Transmutation/Earth          2
   c - Passage of Golubria            Translocation                4
   d - Lee's Rapid Deconstruction     Earth                        5
   e - Darkness                       Hexes                        6
   f - Invisibility                   Hexes                        6
 H - a book of Enchantments

   Spells                             Type                      Level
   a - Cause Fear                     Hexes                        4
   b - Yara's Violent Unravelling     Hexes/Transmutation          5
   c - Silence                        Hexes/Air                    5
   d - Deflect Missiles               Charms/Air                   6
   e - Haste                          Charms                       6
   f - Discord                        Hexes                        8
 P - a book of the Dragon

   Spells                             Type                      Level
   a - Flame Tongue                   Conjuration/Fire             1
   b - Cause Fear                     Hexes                        4
   c - Bolt of Fire                   Conjuration/Fire             6
   d - Dragon Form                    Transmutation                7
   e - Dragon's Call                  Summoning                    9
 V - a book of the Sky

   Spells                             Type                      Level
   a - Summon Lightning Spire         Summoning/Air                4
   b - Airstrike                      Air                          4
   c - Silence                        Hexes/Air                    5
   d - Deflect Missiles               Charms/Air                   6
   e - Conjure Ball Lightning         Conjuration/Air              6
   f - Tornado                        Air                          9
Comestibles
 f - 10 bread rations
 g - 3 meat rations
 p - 4 beef jerkies
 y - 4 fruits
 D - 7 slices of pizza
 J - a royal jelly


   Skills:
 + Level 10.6 Fighting
 + Level 13.3 Axes
 + Level 11.1 Armour
 + Level 8.8 Dodging
 + Level 1.0 Stealth
 + Level 8.4 Shields
 + Level 1.0 Invocations


You had 10 spell levels left.
You didn't know any spells.

Dungeon Overview and Level Annotations

Branches:
Dungeon (11/15)            Temple (1/1) D:4            Lair (3/8) D:11
  Swamp: Lair:3-6    Shoals: Lair:3-6     Snake: Lair:3-6    Spider: Lair:3-6
    Orc: D:9-12

Altars:
Ashenzari
Cheibriados
Dithmenos
Elyvilon
Fedhas
Kikubaaqudgha
Makhleb
Nemelex Xobeh
Okawaru
Pakellas
Ru
Xom
Yredelemnul
Zin
The Shining One

Shops:
D:8 *[   D:9 (


Innate Abilities, Weirdness & Mutations

You reflexively headbutt those who attack you in melee.
You have a pair of horns on your head.
You are partially covered in yellow scales (AC +2).
Your mind is acute. (Int +2)
You are very clumsy. (Dex -4)
You passively map a small area around you.
Your spells are a little easier to cast, but a little less powerful.


Message History

The 14-headed hydra is heavily wounded.
The 14-headed hydra bites you!
The 14-headed hydra bites you but does no damage. x2
The 14-headed hydra bites you. The 14-headed hydra closely misses you.
The 14-headed hydra bites you but does no damage.
The 14-headed hydra barely misses you. x2
The 14-headed hydra closely misses you. The 14-headed hydra bites you.
The 14-headed hydra barely misses you. The 14-headed hydra bites you!
The 14-headed hydra barely misses you. The 14-headed hydra bites you!
* * * LOW HITPOINT WARNING * * *
The porcupine completely misses the plant.
The 14-headed hydra closely misses you. x2; The 14-headed hydra bites you.
* * * LOW HITPOINT WARNING * * *
The 14-headed hydra barely misses you. The 14-headed hydra bites you.
* * * LOW HITPOINT WARNING * * *
The 14-headed hydra bites you!
* * * LOW HITPOINT WARNING * * *
The 14-headed hydra bites you but does no damage.
The 14-headed hydra bites you!
You die...

###....#####......
#........##.......
##.......#.##......
#..................
♣..)......#.....#..
♣♣♣♣♣♣♣...#≈......#
♣♣♣≈≈≈≈≈≈≈P≈...#.#
♣≈≈≈≈≈≈≈≈≈≈≈.....#
♣♣@≈≈≈≈≈PP≈P≈.....P
*♣†D≈≈≈≈≈≈≈≈≈....#.#
♣≈≈≈≈≈≈≈≈≈≈≈P....#.#
♣≈≈≈≈≈≈≈≈≈≈PP......#
♣≈≈≈≈≈≈≈≈≈≈≈≈....#.#
♣≈≈≈≈≈≈≈rPP≈≈.......
♣♣≈≈≈≈≈P≈≈≈≈≈....#..
♣♣♣P≈≈P≈≈P≈≈.....P.
♣♣≈≈P≈≈≈≈≈......


You could see a 14-headed hydra and a porcupine.

Vanquished Creatures
  Gastronok (Lair:2)
  2 hill giants
  A black mamba (Lair:2)
  3 spiny frogs
  7 komodo dragons
  3 trolls
  3 blink frogs (Lair:2)
  A human (D:7)
  A yak (D:7)
  A wyvern (D:10)
  The ghost of Bargorn the Shooter, an amateur CeHu (D:4)
  2 steam dragons (D:5)
  3 hippogriffs
  3 water moccasins
  2 porcupines
  2 orc warriors (D:8)
  2 wasps
  2 sky beasts (D:5)
  3 black bears
  5 ogres
  3 phantoms
  2 necrophages (D:7)
  5 wolves (Lair:1)
  4 centaurs
  3 crocodiles (Lair:2)
  A big kobold (D:10)
  11 giant frogs
  2 wyvern zombies
  6 scorpions
  4 killer bees (D:7)
  9 wights
  An electric eel (Lair:3)
  8 howler monkeys
  4 crimson imps
  3 giant frog zombies
  7 hounds
  8 orc wizards
  2 giant frog skeletons
  2 jellies
  2 orc priests (D:10)
  Terence (D:3)
  6 iguanas
  6 worker ants
  2 killer bee zombies
  15 sheep
  A hound zombie (D:7)
  2 hound skeletons (D:5)
  2 mummies (D:7)
  2 worker ant zombies
  5 gnolls
  12 adders
  36 river rats
  A shadow imp (D:6)
  2 oozes
  An adder skeleton (D:4)
  3 worms
  3 dart slugs
  3 giant geckos
  39 orcs
  5 giant cockroaches
  8 goblins
  2 hobgoblins
  16 jackals
  3 quokkas
  A ball python (D:2)
  7 bats
  A giant gecko skeleton (D:4)
  A giant newt (D:4)
  12 kobolds
  A quokka skeleton (D:7)
  A quokka zombie (D:8)
  5 rats
  A plant (Lair:3)
341 creatures vanquished.

Vanquished Creatures (others)
  A lightning spire (D:9)
  2 bushes (D:9)
  3 fungi
  2 plants (Lair:3)
8 creatures vanquished.

Grand Total: 349 creatures vanquished

Notes
Turn   | Place    | Note
--------------------------------------------------------------
     0 | D:1      | sleepydude the Minotaur Fighter began the quest for the Orb.
     0 | D:1      | Reached XP level 1. HP: 19/19 MP: 0/0
   119 | D:1      | Reached XP level 2. HP: 27/27 MP: 1/1
   580 | D:1      | Reached XP level 3. HP: 33/33 MP: 2/2
   778 | D:2      | Reached skill level 1 in Dodging
   844 | D:2      | Found a white marble altar of Elyvilon.
   957 | D:2      | Reached XP level 4. HP: 40/40 MP: 3/3
  1151 | D:3      | Reached skill level 3 in Axes
  1156 | D:3      | Found a shimmering altar of Xom.
  1157 | D:3      | Found a shimmering altar of Xom.
  1164 | D:3      | Found a shimmering altar of Xom.
  1164 | D:3      | Found a shimmering altar of Xom.
  1399 | D:3      | Noticed Terence
  1403 | D:3      | Killed Terence
  1403 | D:3      | Reached XP level 5. HP: 46/46 MP: 4/4
  1422 | D:3      | Found a snail-covered altar of Cheibriados.
  1693 | D:4      | Reached skill level 5 in Armour
  1693 | D:4      | Reached skill level 5 in Shields
  2066 | D:4      | Reached XP level 6. HP: 52/52 MP: 5/5
  2068 | D:4      | Noticed Bargorn's ghost (amateur CeHu)
  2087 | D:4      | Killed Bargorn's ghost
  2087 | D:4      | Reached skill level 4 in Axes
  2237 | D:4      | Found a staircase to the Ecumenical Temple.
  2301 | Temple   | Entered the Ecumenical Temple
  2374 | Temple   | Became a worshipper of the Shining One
  2522 | D:4      | Found a snail-covered altar of Cheibriados.
  2765 | D:4      | Reached XP level 7. HP: 23/60 MP: 6/6
  3501 | D:5      | Entered Level 5 of the Dungeon
  3517 | D:5      | Noticed a steam dragon
  3517 | D:5      | Noticed a steam dragon
  3533 | D:5      | Killed a steam dragon
  3540 | D:5      | Killed a steam dragon
  3540 | D:5      | Reached skill level 5 in Axes
  3777 | D:5      | Gained mutation: You passively map a small area around you. [mutagenic meat]
  3778 | D:5      | Gained mutation: You are clumsy. (Dex -2) [mutagenic meat]
  3813 | D:5      | Found a sacrificial altar of Ru.
  3842 | D:5      | Reached XP level 8. HP: 67/67 MP: 7/7
  3849 | D:5      | Reached skill level 5 in Fighting
  3882 | D:5      | Found a white marble altar of Elyvilon.
  3909 | D:5      | Reached * piety under the Shining One
  3927 | D:5      | Gained mutation: You are very clumsy. (Dex -4) [mutagenic meat]
  3929 | D:5      | Gained mutation: You possess an exceptional clarity of mind. [mutagenic meat]
  3930 | D:5      | Lost mutation: You possess an exceptional clarity of mind. [mutagenic meat]
  4238 | D:6      | Found a shadowy altar of Dithmenos.
  4274 | D:6      | Reached skill level 6 in Axes
  4461 | D:6      | Found a basalt altar of Yredelemnul.
  4582 | D:6      | Gained mutation: Your spells are a little easier to cast, but a little less powerful. [potion of mutation]
  4582 | D:6      | Gained mutation: You are partially covered in yellow scales (AC +2). [potion of mutation]
  4582 | D:6      | Gained mutation: Your mind is acute. (Int +2) [potion of mutation]
  4677 | D:6      | Reached skill level 7 in Axes
  5034 | D:6      | Reached XP level 9. HP: 67/75 MP: 8/8
  5353 | D:7      | Reached skill level 5 in Dodging
  5361 | D:7      | Reached ** piety under the Shining One
  5389 | D:7      | Found an ancient bone altar of Kikubaaqudgha.
  5749 | D:7      | Found a sparkling altar of Nemelex Xobeh.
  5839 | D:7      | Reached skill level 8 in Axes
  6244 | D:7      | Reached *** piety under the Shining One
  6774 | D:8      | Found Ipaluwn's Armour Emporium.
  6799 | D:8      | Found a glowing silver altar of Zin.
  6802 | D:8      | Found Zin's Purification Station.
  6829 | D:8      | Reached skill level 9 in Axes
  7040 | D:8      | Reached XP level 10. HP: 87/87 MP: 9/9
  7074 | D:8      | Reached **** piety under the Shining One
  7881 | D:9      | Found Tuelyext's Weapon Emporium.
  7914 | D:9      | Found an iron altar of Okawaru.
  8083 | D:9      | Reached skill level 10 in Axes
  8240 | D:9      | Found an oddly glowing altar of Pakellas.
  8241 | D:9      | Noticed a cyclops
  8373 | D:10     | Entered Level 10 of the Dungeon
  8627 | D:10     | Reached ***** piety under the Shining One
  8803 | D:10     | Noticed a hill giant
  8809 | D:10     | HP: 1/90 [hill giant/giant club (20)]
  8810 | D:10     | Killed a hill giant
  8810 | D:10     | Reached skill level 11 in Axes
  8810 | D:10     | Reached skill level 10 in Armour
  9645 | D:11     | Noticed a hill giant
  9653 | D:11     | Killed a hill giant
  9773 | D:11     | Reached XP level 11. HP: 96/96 MP: 10/10
  9805 | D:11     | Found a staircase to the Lair.
 10032 | Lair:1   | Entered Level 1 of the Lair of Beasts
 10528 | Lair:1   | Reached skill level 1 in Stealth
 11090 | Lair:2   | Reached skill level 12 in Axes
 11186 | Lair:2   | Noticed Gastronok
 11201 | Lair:2   | HP: 2/98 [Gastronok/the air (11)]
 11203 | Lair:2   | Killed Gastronok
 11203 | Lair:2   | Reached skill level 10 in Fighting
 12314 | Lair:3   | Reached skill level 13 in Axes
 12328 | Lair:3   | Found a labyrinth entrance.
 12762 | Lair:3   | Noticed an eight-headed hydra
 13474 | Lair:3   | Reached skill level 1 in Invocations
 13499 | Lair:3   | Slain by a 14-headed hydra

Skill      XL: |  1  2  3  4  5  6  7  8  9 10 11 |
---------------+----------------------------------+-----
Shields        | 4 5 6 7 8 |  8.4
Armour         | 4 5 6 7 8 9 10 11 | 11.1
Dodging        | 1 2 3 4 6 7 8 |  8.8
Fighting       | 4 6 7 9 10 | 10.6
Axes           | 3 4 5 7 9 11 13 | 13.3
Stealth        | 1 |  1.0
Invocations    | 1 |  1.0

Action                   |  1- 3 |  4- 6 |  7- 9 | 10-12 || total
-------------------------+-------+-------+-------+-------++-------
Melee: War axe           |    91 |   135 |   273 |       ||   499
       Headbutt          |    20 |    12 |    37 |    45 ||   114
       Battleaxe         |       |       |    42 |   346 ||   388
Invok: Divine Shield     |       |       |       |     5 ||     5
  Use: Potion            |       |       |    10 |     1 ||    11
       Scroll            |       |       |     4 |    14 ||    18
  Eat: Beef jerky        |       |     1 |       |     2 ||     3
       Royal jelly       |       |     1 |       |       ||     1
       Bread ration      |       |     1 |     1 |       ||     2
       Chunk             |       |       |     6 |       ||     6
       Pizza             |       |       |     1 |       ||     1
       Meat ration       |       |       |     1 |     4 ||     5
       Fruit             |       |       |     1 |     1 ||     2
Armor: Scale mail        |    42 |    61 |   136 |   110 ||   349
Dodge: Dodged            |    34 |    38 |   121 |   247 ||   440
Block: Shield            |    50 |    72 |   140 |       ||   262
       Other             |       |       |       |    10 ||    10
